 Dungeon Crawl Stone Soup version 0.29.1-15-g9cfb28693d (webtiles) character file.

Game seed: 2720752522773690860

784 pokedragonboy the Conjurer (level 7, -4/36 HPs)
             Began as a Deep Elf Conjurer on Mar 10, 2023.
             Was an Initiate of Sif Muna.
             Slain by an ice beast (12 damage)
             ... on level 4 of the Dungeon.
             The game lasted 00:20:58 (5976 turns).

pokedragonboy the Conjurer (Deep Elf Conjurer)      Turns: 5976, Time: 00:20:58

Health: -4/36      AC:  4    Str:  4    XL:     7   Next: 55%
Magic:  18/18      EV: 12    Int: 25    God:    Sif Muna [......]
Gold:   141        SH:  0    Dex: 13    Spells: 9/18 levels left

rFire   . . .      SeeInvis .   x - +1 dagger (protect)
rCold   . . .      Faith    .   (no shield)
rNeg    . . .      Spirit   .   a - +0 robe
rPois   .          Reflect  .   y - +0 helmet
rElec   .          Harm     .   o - +0 cloak
rCorr   .          Rampage  .   (no gloves)
Will    .....                   (no boots)
Stlth   ++........              (no amulet)
HPRegen 0.12/turn               (no ring)
MPRegen 0.16/turn               (no ring)

@: no status effects
A: no striking features
a: Renounce Religion


You were on level 4 of the Dungeon.
You worshipped Sif Muna.
Sif Muna was noncommittal.
You visited 2 branches of the dungeon, and saw 6 of its levels.

You collected 218 gold pieces.
You spent 77 gold pieces at shops.

Inventory:

Hand Weapons
 c - a +1 dagger of flaming
 x - a +1 dagger of protection (weapon)
 C - a +1 vampiric whip
Missiles
 w - a throwing net
Armour
 a - a +0 robe (worn)
 l - a scarf of shadows
 o - a +0 cloak (worn)
 y - a +0 helmet (worn)
Wands
 s - a wand of roots (6)
Scrolls
 g - a scroll of enchant weapon {unknown}
 i - 2 scrolls of fear {unknown}
 q - 2 scrolls of teleportation
 t - a scroll of vulnerability {unknown}
 v - 3 scrolls of identify
 A - a scroll of immolation {unknown}
Potions
 b - a potion of magic
 d - 2 potions of flight
 e - 2 potions of mutation {unknown}
 f - 2 potions of ambrosia
 h - 3 potions of lignification {unknown}
 j - a potion of resistance {unknown}
 k - a potion of brilliance {unknown}
 m - 3 potions of haste {unknown}
 n - 3 potions of heal wounds
 p - 2 potions of curing {unknown}
 r - 2 potions of invisibility {unknown}
 u - a potion of might {unknown}
 z - a potion of degeneration {unknown}


   Skills:
 - Level 3.0 Dodging
 - Level 3.0 Stealth
 + Level 6.0 Spellcasting
 * Level 7.8 Conjurations
 + Level 4.5 Hexes
 - Level 2.0 Necromancy


You had 9 spell levels left.
You knew the following spells:

 Your Spells              Type           Power      Damage    Failure   Level
a - Magic Dart            Conj           100%       1d8       1%          1
b - Searing Ray           Conj           92%        2d7       1%          2
c - Fulminant Prism       Conj/Hex       19%        3d11      6%          4
s - Sublimation of Blood  Necr           17%        N/A       4%          2

Your spell library contained the following spells:

 Spells                   Type           Power      Damage    Failure   Level
 Dazzling Flash           Conj/Hex       76%        N/A       1%          3
 Static Discharge         Conj/Air       27%        3-7/arc   2%          2
 Necrotise                Necr           68%        1d7       3%          1
 Vampiric Draining        Necr           17%        2d7       10%         3
 Wereblood                Tmut           7%         N/A       11%         2
 Iskenderun's Mystic Bla  Conj/Tloc      27%        2d7       16%         4
 Ignite Poison            Fire/Tmut/Pois 7%         N/A       22%         3
 Swiftness                Air            7%         N/A       22%         3
 Agony                    Necr           17%        N/A       65%         5
 Storm Form               Tmut/Air       3%         N/A       100%        7
 Summon Hydra             Summ           3%         N/A       100%        7


Dungeon Overview and Level Annotations

Branches:
Dungeon (5/15)             Temple (1/1) D:5

Altars:
Ashenzari
Dithmenos
Fedhas
Makhleb
Okawaru
Qazlal
Ru
Sif Muna
Trog
Uskayaw
Yredelemnul
Zin
The Shining One

Shops:
D:4 *   D:5 [


Message History

Casting: Searing Ray (safe; 1% risk of failure)
Confirm with . or Enter, or press ? or * to list all spells.
Aiming: Searing Ray (safe; 1% risk of failure)
Press: ? - help, Shift-Dir - straight line, f - ice beast
Aim: an ice beast (82% to hit)
The searing ray hits the ice beast but does no damage. (Press . to maintain the ray.)
The searing ray hits the ice beast.
The ice beast is lightly wounded.
The searing ray hits the ice beast.
The ice beast is moderately wounded.
The ice beast hits you. The ice beast freezes you!
The searing ray hits the ice beast.
The ice beast is heavily wounded.
You finish channelling your searing ray.
The ice beast hits you. The ice beast freezes you!
You feel much better. The ice beast barely misses you.
Okay, then.
Okay, then.
The ice beast attacks as you move away! The ice beast hits you.
The ice beast freezes you. The ice beast attacks as you move away!
The ice beast barely misses you. The ice beast attacks as you move away!
The ice beast closely misses you.
There is a stone staircase leading up here.
The ice beast hits you but does no damage.
You climb upwards.
There is a stone staircase leading down here.
The ice beast closely misses you. The ice beast attacks as you move away!
The ice beast hits you. The ice beast freezes you!
There is an open door here.
The ice beast attacks as you move away! The ice beast closely misses you.
The ice beast attacks as you move away! The ice beast barely misses you.
The ice beast attacks as you move away! The ice beast closely misses you.
The ice beast attacks as you move away! The ice beast hits you.
The ice beast freezes you! The ice beast attacks as you move away!
The ice beast hits you.
* * * LOW HITPOINT WARNING * * *
The ice beast freezes you!
You die...

#.####.# #.......# #. #.#
#.#####.......#####' #.#
#.#...######........ #.# #.....#
#........ ###'#####....#
#........ #.......##..##
#........ #.......###..###
#........
#######.......####...###########.
...............Y@..........# #.
.########................#.# ##.
.# ############.....#.# #.. .#
#######.#.####.# .#
#.........#....# .# ##########
#.......#.+....# .# #........#
#.......#.#....# .#####........#
#.......#.#.##.#
..............####.......#.#.##..


You could see an ice beast.

Vanquished Creatures
  Grinder (D:4)
  A black bear (D:5)
  2 scorpions
  A howler monkey (D:5)
  2 hounds
  2 orc priests
  Robin (D:4)
  7 gnolls
  2 adders
  A white imp (D:4)
  2 worms
  A dart slug (D:4)
  7 orcs
  8 bats
  8 endoplasms
  7 giant cockroaches
  12 goblins
  14 hobgoblins
  5 jackals
  6 kobolds
  6 quokkas
  A ball python (D:1)
  5 frilled lizards
  7 rats
109 creatures vanquished.

Notes
Turn   | Place    | Note
-------+----------+-------------------------------------------
     0 | D:1      | pokedragonboy the Deep Elf Conjurer began the quest for the
                  | Orb.
     0 | D:1      | Reached XP level 1. HP: 10/10 MP: 6/6
   160 | D:1      | Got the Compendium of Turbulent Sculpting
   180 | D:1      | Reached XP level 2. HP: 5/15 MP: 0/8
   413 | D:1      | Learned a level 2 spell: Searing Ray
   877 | D:1      | Found a faded altar of an unknown god.
  1528 | D:1      | Reached XP level 3. HP: 19/19 MP: 5/10
  1531 | D:1      | Learned a level 2 spell: Sublimation of Blood
  1893 | D:2      | Reached skill level 5 in Conjurations
  2900 | D:3      | Reached skill level 1 in Necromancy
  2900 | D:3      | Reached XP level 4. HP: 24/24 MP: 7/11
  2920 | D:3      | Learned a level 4 spell: Fulminant Prism
  3784 | D:4      | Reached XP level 5. HP: 28/28 MP: 9/13
  3905 | D:4      | Reached skill level 6 in Conjurations
  4076 | D:4      | Noticed Grinder
  4111 | D:4      | Killed Grinder
  4112 | D:4      | Reached skill level 5 in Spellcasting
  4112 | D:4      | Reached XP level 6. HP: 26/32 MP: 0/15
  4539 | D:4      | Found Kifaluni's General Store.
  4539 | D:4      | Found a basalt altar of Yredelemnul.
  4549 | D:4      | Bought a potion of heal wounds for 55 gold pieces
  4549 | D:4      | Bought a scroll of identify for 22 gold pieces
  4977 | D:4      | Found a broken altar of Ashenzari.
  4986 | D:4      | Noticed Robin
  4990 | D:4      | Killed Robin
  4991 | D:4      | Reached skill level 7 in Conjurations
  5088 | D:4      | Reached XP level 7. HP: 36/36 MP: 14/17
  5377 | D:5      | Entered Level 5 of the Dungeon
  5593 | D:5      | Found a staircase to the Ecumenical Temple.
  5602 | Temple   | Entered the Ecumenical Temple
  5602 | Temple   | Found a transporter.
  5602 | Temple   | Found a transporter.
  5604 | Temple   | Found a transporter.
  5604 | Temple   | Found a transporter.
  5675 | Temple   | Became a worshipper of Sif Muna the Loreminder
  5918 | D:5      | Found Abomeura's Armour Emporium.
  5976 | D:4      | Slain by an ice beast

Illustrated notes

Levels and vault maps discovered:
D:1:      dpeg_arrival_erosion, layout_basic, dilly_ecumenical_altar_fadedgnrine
D:2:      layout_basic
D:3:      layout_loops_ring
D:4:      layout_basic, evilmike_ruin_ashenzari, mainiacjoe_overflow_alcove_4,
          serial_shops, shop, uniq_grinder, uniq_robin
D:5:      layout_loops_ring, nicolae_overflow_crystal_walls,
          lemuel_coloured_pillars_altar, minmay_temple_entry_antechambers,
          serial_shops, nicolae_stop_n_shop_1
Temple:   hellmonk_temple_divided_pantheon

Skill      XL: |  1  2  3  4  5  6  7 |
---------------+----------------------+-----
Stealth        | 3 |  3.0
Conjurations   | 5 6 7 |  7.8
Dodging        | 3 |  3.0
Necromancy     | 1 2 |  2.0
Spellcasting   | 4 5 6 |  6.0
Hexes          | 2 3 4 |  4.5

Action                   |  1- 3 |  4- 6 |  7- 9 || total
-------------------------+-------+-------+-------++-------
Melee: Dagger            |     1 |     1 |       ||     2
 Cast: Magic Dart        |    79 |    46 |    21 ||   146
       Searing Ray       |     9 |    18 |     8 ||    35
       Sublimation of Bl |     1 |     4 |       ||     5
  Use: Scroll            |       |     3 |       ||     3
       Potion            |       |       |     1 ||     1
Armor: Robe              |     8 |     1 |     4 ||    13
Dodge: Dodged            |    22 |    17 |    11 ||    50
